 Dungeon Crawl Stone Soup version 0.19.5 (webtiles) character file.

100567 Mesmaeker13 the Lord of Darkness (level 16, -6/127 HPs)
             Began as a Human Gladiator on Apr 30, 2017.
             Was the Champion of Kikubaaqudgha.
             Killed from afar by a tengu reaver (47 damage)
             ... with a bolt of acid
             ... on level 15 of the Dungeon.
             The game lasted 01:57:46 (32632 turns).

Mesmaeker13 the Lord of Darkness (Human Gladiator) Turns: 32632, Time: 01:58:10

Health: -6/127     AC: 11    Str: 15    XL:     16   Next: 80%
Magic:  21/21      EV: 24    Int: 17    God:    Kikubaaqudgha [******]
Gold:   1548       SH: 18    Dex: 19    Spells: 4 memorised, 8 levels left

rFire  + . .     SeeInvis .     s - +7 demon trident (pain)
rCold  . . .     Gourm    .     K - +3 leather armour of Beyond {Dex+4}
rNeg   + . .     Faith    .     T - +2 shield {reflect}
rPois  .         Spirit   .     c - +0 helmet
rElec  .         Reflect  +     g - +0 cloak
rCorr  .         Harm     .     n - +2 pair of gloves
MR     ++++.     Clarity  +     x - +2 pair of boots
Stlth  +.........               q - amulet of the Four Winds {rN+ MR+++ Clar}
                                E - +5 ring of evasion
                                X - ring of protection from fire

@: lethally poisoned (-6 -> -11), corroded
A: large bone plates 1, clever 1, MP-powered wands
a: Receive Corpses, Torment, Renounce Religion


You were on level 15 of the Dungeon.
You worshipped Kikubaaqudgha.
Kikubaaqudgha was exalted by your worship.
You were not hungry.

You visited 4 branches of the dungeon, and saw 24 of its levels.
You also visited: Ice Cave and Volcano.

You collected 2347 gold pieces.
You spent 799 gold pieces at shops.

Inventory:

Hand Weapons
 s - a +7 demon trident of pain (weapon)
 y - the +11 falchion of Distant Shores {slice, Str+2 Int+4, unknown}
   (You found it on level 13 of the Dungeon)

   It inflicts extra damage upon your enemies.
   It affects your strength (+2).
   It affects your intelligence (+4).
Missiles
 l - 9 curare-tipped needles
 G - 9 javelins (quivered)
Armour
 c - a +0 helmet (worn)
 g - a +0 cloak (worn)
 n - a +2 pair of gloves (worn)
 x - a +2 pair of boots (worn)
 K - the +3 leather armour of Beyond (worn) {Dex+4}
   (You found it on level 5 of the Lair of Beasts)

   It affects your dexterity (+4).
 T - a +2 shield of reflection (worn)
Jewellery
 k - a +3 ring of protection {unknown}
 q - the amulet of the Four Winds (around neck) {rN+ MR+++ Clar}
   (You bought it in a shop on level 7 of the Dungeon)

   [amulet of nothing]

   It protects you from negative energy.
   It affects your resistance to hostile enchantments.
   It protects you against confusion.
 v - an uncursed ring of protection from fire
 C - a +4 amulet of reflection
 E - a +5 ring of evasion (right hand)
 H - an uncursed ring of ice
 N - the amulet of Xatess {RegenMP +Blink rPois Stlth+, unknown}
   (You found it on level 15 of the Dungeon)

   [amulet of magic regeneration]

   It increases your magic regeneration.
   It protects you from poison.
   It lets you blink.
   It makes you more stealthy.
 X - a ring of protection from fire (left hand)
Wands
 u - a wand of enslavement (9/24)
 B - a wand of digging (7/24)
 D - a wand of iceblast (5/15)
 L - a wand of digging (3/24)
Scrolls
 b - 4 scrolls of blinking
 e - a scroll of vulnerability {unknown}
 h - 2 scrolls of teleportation
 j - a scroll of remove curse
 m - a scroll of summoning {unknown}
 r - 4 scrolls of enchant armour
 A - 4 scrolls of amnesia
 I - a scroll of immolation
 Q - 2 scrolls of fear
 U - a scroll of identify
 V - 3 scrolls of recharging
 Y - 2 scrolls of magic mapping
Potions
 a - 5 potions of brilliance
 d - a potion of ambrosia {unknown}
 i - 3 potions of magic
 o - 3 potions of agility
 p - 2 potions of resistance {unknown}
 J - a potion of lignification
 M - a potion of curing {unknown}
 O - 3 potions of haste
 P - 2 potions of flight {unknown}
 R - 4 potions of heal wounds
 S - a potion of might
Comestibles
 f - 9 bread rations
 t - 4 fruits
 w - a royal jelly
 z - 4 chunks of flesh
 F - 2 slices of pizza


   Skills:
 - Level 11.7 Fighting
   Level 7.0(8.9) Maces & Flails
 + Level 11.2(12.2) Polearms
   Level 8.4(11.7) Staves
 - Level 4.0 Throwing
 - Level 6.0 Armour
 - Level 10.1 Dodging
 + Level 11.1 Shields
 - Level 3.6 Spellcasting
 + Level 13.8 Necromancy


You had 8 spell levels left.
You knew the following spells:

 Your Spells              Type           Power        Failure   Level  Hunger
a - Vampiric Draining     Necr           #####.....   1%          3    ###....
b - Dispel Undead         Necr           #####...     3%          5    ######.
c - Animate Dead          Necr           N/A          1%          4    ####...
d - Corpse Rot            Necr           N/A          1%          2    ##.....


Dungeon Overview and Level Annotations

Branches:
Dungeon (15/15)            Temple (1/1) D:5            Lair (6/6) D:8
 Shoals (0/4) Lair:4        Snake (0/4) Lair:2        Slime (0/5) Lair:6
    Orc (2/2) D:10            Elf (0/3) Orc:2        Vaults (0/5) D:14
 Depths (0/5) D:15

Altars:
Ashenzari
Cheibriados
Dithmenos
Elyvilon
Fedhas
Gozag
Hepliaklqana
Kikubaaqudgha
Makhleb
Nemelex Xobeh
Okawaru
Qazlal
Ru
Sif Muna
Trog
Uskayaw
Vehumet
Xom
Yredelemnul
Zin
The Shining One
Beogh
Jiyva

Shops:
D:7 *=   Orc:2 (:[**

Portals:
Hell: Lair:6
Trove: D:10 (give 8 potions of agility)

Annotations:
Lair:2 exclusion: oklob plant
Lair:6 Monsterracer's ghost, journeyman OgHu


Innate Abilities, Weirdness & Mutations

You are partially covered in large bone plates. (SH +4)
Your mind is acute. (Int +2)
You expend magic power (3 MP) to strengthen your wands.


Message History

The tengu reaver is severely wounded.
You feel sick. You block the tengu reaver's attack. x2
The tengu reaver claws you. The tengu reaver blocks your attack.
The tengu reaver is severely wounded.
You feel sick.
You puncture the tengu reaver!
The tengu reaver writhes in agony.
The tengu reaver is almost dead.
You feel sick. You block the ogre mage's attack.
The tengu reaver casts a spell at you. The bolt of acid hits you!
You are splashed with acid!
The acid burns!
The tengu reaver blocks your attack.
The tengu reaver is almost dead.
You feel sick. The ogre mage casts a spell at you.
The bolt of lightning misses you. The tengu reaver casts a spell at you.
The bolt of acid hits you!
You die...
Kikubaaqudgha rasps: "You have failed me!
Welcome... death!"

**,,,,,***,,,,,*##...........
*,*.....##....#*#............
***#.....#....###.....##.....
*#.........##.....####....
*#...............# #....
*#.........*.....# #....
*,,#....O...###..## ##...
#,,#.....Q#** ##..####...
***###.*#....@.# #...#.<...
*,,.....#.?#...# ##.....####
******#..ยงยง#...# ###.....##
# #.....#..###.......## #
##.......#......##..## #
#.#####......#####..### ##*
###...## ##..#. ##..# ###..
##.## ###


You could see a tengu reaver, an ogre mage and a battlesphere.

Vanquished Creatures
  An orc warlord (D:10)
  A reaper (IceCv)
  The ghost of Lovchig the Severer, a journeyman DDFi of the Shining One (D:14)
  A dire elephant (Lair:6)
  2 ettins
  Josephine (D:10)
  8 vault guards (D:14)
  5 hydras
  5 centaur warriors
  2 catoblepae
  3 tengu warriors
  Urug (Lair:3)
  4 orc high priests
  A sun demon (Lair:6)
  A shadow wraith (D:13)
  Sonja (Orc:2)
  5 skeletal warriors (D:13)
  7 hill giants
  4 unseen horrors
  2 deep trolls (D:15)
  A wizard (Lair:6)
  4 orc knights
  A wolf spider zombie (D:14)
  3 orc sorcerers (Orc:2)
  3 deep elf magi
  2 manticores
  2 cyclopes
  6 ugly things (D:14)
  A siren (Lair:4)
  9 elephants
  7 black mambas
  2 orange demons
  2 ice statues (IceCv)
  Psyche (D:9)
  A gargoyle (D:14)
  11 spiny frogs
  An efreet (D:13)
  3 rime drakes
  5 komodo dragons
  A tengu conjurer (D:13)
  A guardian mummy (D:10)
  12 ice devils
  6 trolls
  2 red devils (Lair:6)
  Grinder (D:5)
  A polar bear (Lair:2)
  A two-headed ogre (D:11)
  2 hornets
  16 hippogriffs
  A meliai zombie (D:12)
  11 slime creatures
  A water elemental (D:14)
  A shadow (D:13)
  9 spriggans (Lair:1)
  An air elemental (Orc:2)
  4 wraiths
  4 wyverns
  21 yaks
  3 basilisks
  A fire bat (shapeshifter) (D:14)
  2 fire bats (Orc:1)
  A vampire (D:14)
  2 steam dragons
  Grum (D:9)
  The ghost of Mesmaeker13 the Cudgeler, an amateur HuGl (D:3)
  3 mottled dragons
  7 vampire mosquitoes
  Menkaure (D:7)
  3 wargs (Orc:1)
  A mottled dragon (shapeshifter) (D:14)
  17 water moccasins
  2 hell hounds
  13 porcupines
  43 orc warriors
  6 ice beasts
  A black bear (D:7)
  An eye of draining (D:13)
  6 ogres
  3 phantoms
  13 centaurs
  11 wolves
  16 crocodiles
  3 big kobolds
  15 bullfrogs
  A water moccasin zombie (D:7)
  4 scorpions
  11 killer bees
  9 wights
  An electric eel (D:14)
  2 howler monkeys
  8 crimson imps
  A bullfrog zombie (D:4)
  8 hounds
  6 centaur zombies
  A jelly (D:9)
  36 orc wizards
  16 orc priests
  3 bullfrog skeletons
  5 centaur skeletons
  12 worker ants
  3 iguanas
  A killer bee zombie (D:8)
  A bullfrog simulacrum (D:13)
  A hound zombie (D:14)
  4 gnolls (D:5)
  18 adders
  6 shadow imps
  9 white imps (IceCv)
  An ooze (D:3)
  An ufetubus (IceCv)
  2 adder skeletons
  3 worms
  A dart slug (D:2)
  6 leopard geckos
  108 orcs
  5 bats
  11 giant cockroaches
  16 goblins
  6 hobgoblins
  20 jackals
  24 kobolds
  4 quokkas
  A ball python (D:3)
  5 frilled lizards
  A jackal zombie (D:9)
  A leopard gecko zombie (D:5)
  A quokka skeleton (D:5)
  9 rats
786 creatures vanquished.

Vanquished Creatures (collateral kills)
  A dire elephant (Lair:6)
  A great orb of eyes (shapeshifter) (D:13)
  An orc high priest (Orc:2)
  A deep elf archer (D:13)
  4 elephants (Lair:6)
  A smoke demon (Lair:6)
  A spiny frog (Lair:6)
  A red devil (Lair:6)
  A yak (Lair:3)
  A wyvern (Lair:6)
  A basilisk (Lair:6)
  A crocodile (Lair:6)
  3 orcs
18 creatures vanquished.

Vanquished Creatures (others)
  2 cyclopes
  A crimson imp (D:8)
  An orc wizard (Orc:2)
  7 white imps (IceCv)
  4 ufetubi (IceCv)
  3 orcs (Orc:2)
  A bush (Lair:6)
  14 fungi
  10 plants
43 creatures vanquished.

Grand Total: 847 creatures vanquished

Notes
Turn   | Place    | Note
-------+----------+-------------------------------------------
     0 | D:1      | Mesmaeker13 the Human Gladiator began the quest for the Orb.
     0 | D:1      | Reached XP level 1. HP: 16/16 MP: 1/1
   138 | D:1      | Reached XP level 2. HP: 20/23 MP: 2/2
   483 | D:1      | Reached XP level 3. HP: 28/28 MP: 3/3
   882 | D:2      | Reached XP level 4. HP: 34/34 MP: 4/4
   946 | D:2      | Found a shimmering altar of Xom.
   948 | D:2      | Found a bloodstained altar of Trog.
   948 | D:2      | Found a shadowy altar of Dithmenos.
   950 | D:2      | Found a glowing golden altar of the Shining One.
   950 | D:2      | Found a radiant altar of Vehumet.
   950 | D:2      | Found an ancient bone altar of Kikubaaqudgha.
  1170 | D:2      | Found an opulent altar of Gozag.
  1390 | D:3      | Reached XP level 5. HP: 20/41 MP: 5/5
  1736 | D:3      | Noticed Mesmaeker13's ghost (amateur HuGl)
  2558 | D:3      | Reached XP level 6. HP: 48/48 MP: 6/6
  2772 | D:4      | Noticed a phantom
  2799 | D:4      | Killed a phantom
  2799 | D:4      | Reached XP level 7. HP: 55/55 MP: 7/7
  2838 | D:4      | Reached skill level 5 in Maces & Flails
  2848 | D:4      | Reached skill level 5 in Dodging
  3735 | D:5      | Entered Level 5 of the Dungeon
  3763 | D:5      | Reached skill level 5 in Fighting
  3817 | D:5      | Noticed a hippogriff
  3829 | D:4      | Reached XP level 8. HP: 62/62 MP: 8/8
  3923 | D:5      | Found an ancient bone altar of Kikubaaqudgha.
  3923 | D:5      | Found a sparkling altar of Nemelex Xobeh.
  3951 | D:5      | Became a worshipper of Kikubaaqudgha
  3992 | D:5      | Killed a hippogriff
  4461 | D:5      | Found a hide-covered altar of Uskayaw.
  4461 | D:5      | Noticed a dagger
  4461 | D:5      | Noticed a hand axe
  4488 | D:5      | Noticed Grinder
  4518 | D:5      | Killed Grinder
  4600 | D:5      | Found a staircase to the Ecumenical Temple.
  4666 | Temple   | Entered the Ecumenical Temple
  4985 | D:6      | Reached XP level 9. HP: 41/69 MP: 9/9
  5195 | D:6      | Reached skill level 1 in Armour
  5644 | D:6      | Got a crude quarterstaff
  5669 | D:6      | Reached skill level 1 in Necromancy
  6109 | D:7      | Noticed Menkaure
  6110 | D:7      | Identified the +6 quarterstaff "Nyheadif" {flame, Int+2 Dex+4} (You found it on level 6 of the Dungeon)
  6115 | D:7      | Killed Menkaure
  6115 | D:7      | Reached skill level 2 in Necromancy
  6139 | D:7      | Found a sparkling altar of Nemelex Xobeh.
  6177 | D:7      | Found Qax Sag's General Store.
  6190 | D:7      | Bought a scroll of identify for 24 gold pieces
  6252 | D:7      | Noticed a hippogriff
  6265 | D:7      | Killed a hippogriff
  6265 | D:7      | Reached skill level 1 in Staves
  6389 | D:7      | Reached skill level 3 in Necromancy
  6400 | D:7      | Reached * piety under Kikubaaqudgha
  6400 | D:7      | Identified Kikubaaqudgha's Grimoire of Sinister Rites (Kikubaaqudgha gifted it to you on level 7 of the Dungeon)
  6400 | D:7      | Received a gift from Kikubaaqudgha
  6449 | D:7      | Found Unkir's Jewellery Shop.
  6502 | D:7      | Noticed a hippogriff
  6509 | D:7      | Killed a hippogriff
  6574 | D:7      | Reached XP level 10. HP: 55/79 MP: 10/10
  6997 | D:8      | Found a staircase to the Lair.
  7007 | D:8      | Reached skill level 4 in Necromancy
  7240 | D:8      | Found a stormy altar of Qazlal.
  7377 | D:8      | Reached ** piety under Kikubaaqudgha
  7570 | Lair:1   | Entered Level 1 of the Lair of Beasts
  7598 | Lair:1   | Noticed a komodo dragon
  7605 | Lair:1   | Reached skill level 5 in Necromancy
  7994 | Lair:1   | Found a hide-covered altar of Uskayaw.
  8000 | Lair:1   | Noticed a spiny frog
  8011 | Lair:1   | Killed a spiny frog
  8011 | Lair:1   | Reached skill level 5 in Staves
  8527 | Lair:1   | Reached XP level 11. HP: 87/87 MP: 11/11
  8638 | Lair:1   | Reached skill level 6 in Necromancy
  8823 | Lair:1   | Learned a level 3 spell: Vampiric Draining
  9054 | Lair:2   | Found a staircase to the Snake Pit.
  9372 | Lair:2   | Noticed a catoblepas
  9617 | D:7      | Bought the amulet of the Four Winds {rN+ MR+++ Clar} for 328 gold pieces
  9835 | D:3      | Killed Mesmaeker13's ghost
  9866 | D:3      | Found a snail-covered altar of Cheibriados.
 10357 | D:9      | Reached *** piety under Kikubaaqudgha
 10357 | D:9      | Identified Kikubaaqudgha's Reference Book on Stolen Souls (Kikubaaqudgha gifted it to you on level 9 of the Dungeon)
 10357 | D:9      | Received a gift from Kikubaaqudgha
 10657 | D:9      | Noticed Grum
 10672 | D:9      | Killed Grum
 10860 | D:9      | Noticed Psyche
 10866 | D:9      | Killed Psyche
 11011 | D:10     | Entered Level 10 of the Dungeon
 11147 | D:10     | Reached skill level 7 in Necromancy
 11150 | D:10     | Found a shattered altar of Ashenzari.
 11307 | D:10     | Noticed Josephine
 11334 | D:10     | Killed Josephine
 11334 | D:10     | Reached XP level 12. HP: 69/97 MP: 12/12
 11445 | D:10     | Noticed a centaur warrior
 11464 | D:10     | Killed a centaur warrior
 11479 | D:10     | Found a portal to a secret trove of treasure.
 11534 | D:10     | Found a staircase to the Orcish Mines.
 11752 | D:11     | Reached skill level 10 in Fighting
 12272 | D:11     | Reached skill level 8 in Necromancy
 12302 | D:11     | Learned a level 5 spell: Dispel Undead
 12327 | D:11     | Reached **** piety under Kikubaaqudgha
 13608 | Lair:3   | Noticed a four-headed hydra
 13743 | Lair:3   | Killed a four-headed hydra
 13743 | Lair:3   | Reached skill level 10 in Dodging
 13743 | Lair:3   | Reached skill level 1 in Spellcasting
 13775 | Lair:3   | Learned a level 4 spell: Animate Dead
 13969 | Lair:3   | Reached XP level 13. HP: 82/104 MP: 10/15
 14019 | Lair:3   | Noticed Urug
 14031 | Lair:3   | Killed Urug
 14557 | Lair:3   | Reached skill level 9 in Necromancy
 14832 | Lair:3   | Reached skill level 1 in Shields
 15253 | Lair:4   | Reached skill level 1 in Polearms
 16107 | Lair:4   | Reached skill level 5 in Armour
 16192 | Lair:4   | Found a staircase to the Shoals.
 16514 | Lair:5   | Noticed a catoblepas
 17053 | Lair:5   | Got a distressingly furry leather armour
 17064 | Lair:5   | Identified the +3 leather armour of Beyond {Dex+4} (You found it on level 5 of the Lair of Beasts)
 17095 | Lair:5   | Found a frozen archway.
 17109 | IceCv    | Entered an ice cave
 17972 | IceCv    | Reached ***** piety under Kikubaaqudgha
 18359 | IceCv    | Noticed a reaper
 18377 | IceCv    | Killed a reaper
 18838 | IceCv    | Got a faintly glowing tin amulet
 20155 | Lair:5   | Killed a catoblepas
 20683 | Lair:6   | Entered Level 6 of the Lair of Beasts
 20683 | Lair:6   | Found a viscous altar of Jiyva.
 20683 | Lair:6   | Found a staircase to the Slime Pits.
 20706 | Lair:6   | Noticed Monsterracer's ghost (journeyman OgHu)
 21156 | Lair:6   | Reached XP level 14. HP: 106/114 MP: 19/19
 21184 | Lair:6   | Noticed a dire elephant
 21185 | Lair:6   | Noticed a dire elephant
 21208 | Lair:6   | Killed a dire elephant
 21451 | Lair:5   | Reached skill level 10 in Necromancy
 22063 | Lair:6   | Reached skill level 5 in Shields
 22074 | Lair:6   | Reached skill level 5 in Polearms
 22286 | Lair:6   | Killed a dire elephant
 23498 | Lair:6   | Found a burning altar of Makhleb.
 24460 | Lair:6   | Found a gateway to Hell.
 24604 | Lair:3   | Reached skill level 11 in Necromancy
 25547 | Lair:1   | Identified the amulet "Jethrid" {Reflect +Blink MR+ SH+2} (You found it in an ice cave)
 25566 | Lair:1   | Gained mutation: Your mind is acute. (Int +2) [potion of mutation]
 25566 | Lair:1   | Gained mutation: You expend magic power (3 MP) to strengthen your wands. [potion of mutation]
 25566 | Lair:1   | Gained mutation: You are partially covered in large bone plates. (SH +4) [potion of mutation]
 25719 | Orc:1    | Entered Level 1 of the Orcish Mines
 26138 | Orc:1    | Found a roughly hewn altar of Beogh.
 26140 | Orc:1    | Found a dark tunnel.
 26153 | Volcano  | Entered a volcano
 26153 | Volcano  | Noticed Doomgape's ghost (journeyman HOFi)
 26157 | Volcano  | Noticed Haldmier's ghost (journeyman TrMo)
 26456 | Orc:2    | Entered Level 2 of the Orcish Mines
 26492 | Orc:2    | Found a staircase to the Elven Halls.
 26498 | Orc:2    | Reached XP level 15. HP: 120/120 MP: 20/20
 26505 | Orc:2    | Noticed Sonja
 26545 | Orc:2    | Killed Sonja
 26643 | Orc:2    | Noticed an orc warlord
 26651 | Orc:2    | Found Pugg's General Store.
 26720 | Orc:1    | Found a bloodstained altar of Trog.
 27068 | Orc:1    | Reached ****** piety under Kikubaaqudgha
 27434 | Orc:1    | HP: 3/120 [orc warlord/great mace of protection (24)]
 27528 | D:10     | Identified a +7 demon trident of pain (a +5 demon trident of venom bloodied by Kikubaaqudgha)
 27528 | D:10     | Received a gift from Kikubaaqudgha
 27901 | D:10     | Killed an orc warlord
 28435 | Orc:2    | Bought a scroll of teleportation for 48 gold pieces
 28774 | Orc:2    | Reached skill level 12 in Necromancy
 28911 | Orc:2    | Found Dufras's General Store.
 28929 | Orc:2    | Found Hoeperas's Antique Armour Shoppe.
 28929 | Orc:2    | Found Liju's Antique Weapon Emporium.
 28931 | Orc:2    | Found Utaff's Book Shoppe.
 28947 | Orc:2    | Bought a pair of glowing gloves for 294 gold pieces
 28973 | Orc:2    | Bought a scroll of enchant armour for 105 gold pieces
 29267 | Lair:1   | Learned a level 2 spell: Corpse Rot
 29778 | D:13     | Got an ebony falchion
 30640 | D:13     | Reached XP level 16. HP: 116/127 MP: 13/21
 30946 | D:14     | Reached skill level 10 in Polearms
 31087 | D:14     | Reached skill level 13 in Necromancy
 31199 | D:14     | Reached skill level 10 in Shields
 31322 | D:14     | Found a gate to the Vaults.
 31411 | D:14     | Noticed Lovchig's ghost (journeyman DDFi)
 31420 | D:14     | Killed Lovchig's ghost
 31846 | D:15     | Entered Level 15 of the Dungeon
 32087 | D:15     | Got a fine copper amulet
 32562 | D:15     | Noticed a tengu reaver
 32632 | D:15     | Killed from afar by a tengu reaver

Skill      XL: |  1  2  3  4  5  6  7  8  9 10 11 12 13 14 15 16 |
---------------+-------------------------------------------------+-----
Fighting       | 3 4 5 6 7 8 9 10 11 | 11.7
Maces & Flails | 4 5 6 7 |  7.0
Dodging        | 4 5 6 7 8 10 | 10.1
Throwing       | 3 4 |  4.0
Armour         | 3 4 6 |  6.0
Necromancy     | 3 5 7 8 9 11 12 13 | 13.8
Staves         | 3 5 7 8 |  8.4
Spellcasting   | 1 3 |  3.6
Shields        | 4 7 9 11 | 11.1
Polearms       | 3 7 9 11 | 11.2

Action                   |  1- 3 |  4- 6 |  7- 9 | 10-12 | 13-15 | 16-18 || total
-------------------------+-------+-------+-------+-------+-------+-------++-------
Melee: Flail             |   126 |   188 |   268 |       |       |       ||   582
       Quarterstaff      |       |       |    87 |   720 |   159 |       ||   966
       Demon trident     |       |       |       |       |  1517 |   400 ||  1917
 Fire: Blowgun           |       |       |     5 |     3 |       |       ||     8
Throw: Throwing net      |       |     4 |     3 |       |       |       ||     7
       Tomahawk          |       |     1 |     7 |    13 |       |       ||    21
       Javelin           |       |       |       |       |    10 |       ||    10
 Cast: Vampiric Draining |       |       |       |     7 |    19 |       ||    26
       Animate Dead      |       |       |       |     1 |    27 |     2 ||    30
       Dispel Undead     |       |       |       |     1 |     3 |     9 ||    13
Invok: Receive Corpses   |       |       |       |     1 |     7 |       ||     8
       Brand Weapon With |       |       |       |       |     1 |       ||     1
Evoke: Wand              |       |       |       |     9 |     7 |       ||    16
  Use: Scroll            |     1 |     4 |     2 |     8 |    18 |     2 ||    35
       Potion            |       |     1 |     1 |       |    12 |       ||    14
 Stab: Sleeping          |       |       |       |     5 |     1 |     1 ||     7
       Distracted        |       |       |       |     1 |     9 |     1 ||    11
  Eat: Chunk             |       |     7 |    12 |    26 |    42 |    11 ||    98
       Fruit             |       |       |       |       |     5 |       ||     5
       Bread ration      |       |       |       |       |     2 |       ||     2
       Meat ration       |       |       |       |       |     2 |       ||     2
Armor: Leather armour    |    22 |       |       |       |   136 |    50 ||   208
       Ring mail         |    52 |    88 |    85 |       |   135 |       ||   360
       Steam dragon scal |       |       |       |   128 |       |       ||   128
       Skin              |       |       |       |       |     1 |       ||     1
Dodge: Dodged            |   104 |   198 |   338 |   776 |  1086 |   168 ||  2670
Block: Other             |       |       |    14 |    20 |       |       ||    34
       Buckler           |       |       |       |       |   391 |       ||   391
       Shield            |       |       |       |       |   107 |   251 ||   358
       Reflection        |       |       |       |       |     7 |     9 ||    16
